 Dungeon Crawl Stone Soup version 0.21-a0-442-g848f44b (webtiles) character file.

3758 theanonym the Cleaver (level 10, -8/80 HPs)
             Began as a Formicid Fighter on Nov 15, 2017.
             Was a Follower of Cheibriados.
             Mangled by a two-headed ogre
             ... wielding a +0 giant club
              (10 damage)
             ... on level 8 of the Dungeon.
             The game lasted 00:18:12 (8093 turns).

theanonym the Cleaver (Formicid Fighter)            Turns: 8093, Time: 00:18:14

Health: -8/80      AC:  9    Str: 25    XL:     10   Next: 37%
Magic:  7/12       EV:  6    Int: 11    God:    Cheibriados [*.....]
Gold:   347        SH: 10    Dex: 12    Spells: 9/9 levels left

rFire    + . .     SeeInvis +   a - +0 war axe
rCold    x . .     Gourm    .   C - +0 shield
rNeg     . . .     Faith    .   y - +0 chain mail
rPois    .         Spirit   .   (helmet unavailable)
rElec    .         Reflect  .   (no cloak)
rCorr    .         Harm     .   (no gloves)
MR       +....                  (no boots)
Stlth    ..........             (no amulet)
HPRegen  0.23/turn              K - ring of fire {rF+, rC-}
MPRegen  0.13/turn              (no ring)

@: very slow
A: permanent stasis, dig shafts and tunnels, four strong arms, antennae 3
a: Dig, Shaft Self, Bend Time, Renounce Religion


Innate Abilities, Weirdness & Mutations

You cannot be hasted, slowed, berserked, paralysed or teleported.
You can dig through walls and to a lower floor.
Your four strong arms can wield two-handed weapons with a shield.
You have a pair of large antennae on your head. (SInv)


   Skills:
 + Level 7.7 Fighting
 * Level 12.3 Axes
 - Level 3.2 Armour
 - Level 3.6 Shields
 + Level 3.0 Invocations


You had 9 spell levels left.
You didn't know any spells.

Skill      XL: |  1  2  3  4  5  6  7  8  9 10 |
---------------+-------------------------------+-----
Axes           | 3 4 5 7 8 10 11 12 | 12.3
Fighting       | 4 6 7 |  7.7
Invocations    | 3 |  3.0
Armour         | |  3.2
Shields        | |  3.6

Action                   |  1- 3 |  4- 6 |  7- 9 | 10-12 || total
-------------------------+-------+-------+-------+-------++-------
Melee: War axe           |    65 |   139 |   319 |   108 ||   631
 Fire: Longbow           |       |       |    53 |    26 ||    79
Invok: Bend Time         |       |       |     4 |     7 ||    11
 Abil: Dig               |     2 |     1 |     9 |     4 ||    16
Evoke: Wand              |       |       |       |     1 ||     1
  Use: Scroll            |     3 |       |     6 |     5 ||    14
       Potion            |       |     1 |     3 |       ||     4
 Stab: Distracted        |       |       |     1 |       ||     1
  Eat: Chunk             |       |     5 |     5 |     2 ||    12
       Meat ration       |       |       |     1 |     1 ||     2
       Fruit             |       |       |     4 |       ||     4
Armor: Scale mail        |    20 |    36 |    10 |       ||    66
       Chain mail        |       |       |    77 |    44 ||   121
       Skin              |       |       |     4 |       ||     4
Dodge: Dodged            |    25 |    38 |    63 |    17 ||   143
Block: Shield            |    32 |    51 |   128 |    47 ||   258

Inventory:

Hand Weapons
 a - a +0 war axe (weapon)
 b - a +0 longbow
   (You found it on level 3 of the Dungeon)
Missiles
 d - 134 arrows
 x - 54 bolts
 H - a throwing net (quivered)
 J - 3 tomahawks
Armour
 y - a +0 chain mail (worn)
   (You took it off an orc on level 3 of the Dungeon)
 A - a +0 scale mail
 C - a +0 shield (worn)
Jewellery
 g - an uncursed amulet of harm
   (You found it on level 2 of the Dungeon)
 K - a ring of fire (left hand) {rF+, rC-}
   (You found it on level 6 of the Dungeon)
Wands
 c - a wand of clouds (0/9)
   (You found it on level 4 of the Dungeon)
 v - a wand of polymorph (11/24)
   (You took it off Grinder on level 4 of the Dungeon)
 I - a wand of flame (32/48)
   (You found it on level 5 of the Dungeon)
Scrolls
 i - 2 scrolls of remove curse {unknown}
 k - a scroll of enchant weapon {unknown}
 n - 2 scrolls of amnesia {unknown}
 o - a scroll of immolation {unknown}
 s - 3 scrolls of blinking
 t - 2 scrolls of teleportation {!r}
 u - a scroll of magic mapping {!r}
 w - a scroll of recharging {unknown}
 F - 2 scrolls of holy word {unknown}
 G - 2 scrolls of random uselessness {unknown}
Potions
 e - 9 potions of curing
 h - 3 potions of mutation
 j - 2 potions of flight
 l - 3 potions of berserk rage
 p - 2 potions of lignification
 q - 2 potions of heal wounds
 z - a potion of resistance
 D - 4 potions of haste
 E - a potion of brilliance
Comestibles
 f - 5 bread rations
 m - 2 meat rations
 B - 2 royal jellies

Dungeon Overview and Level Annotations

Branches:
Dungeon (8/15)             Temple (0/1) D:7
   Lair: D:8-11

Altars:
Ashenzari
Cheibriados
Dithmenos
Fedhas
Kikubaaqudgha
Nemelex Xobeh
Okawaru
Trog
Uskayaw
Vehumet
Xom


You were on level 8 of the Dungeon.
You worshipped Cheibriados.
Cheibriados was aware of your devotion.
You were hungry.

You visited 1 branch of the dungeon, and saw 8 of its levels.
You also visited: Ossuary.

You collected 347 gold pieces.


Message History

d - 135 arrows (gained 1)
Found a leather armour.
Health restored: 80
a - a +0 war axe (weapon)
Okay, then.
Unknown command.
Unknown command.
An iguana comes into view.
The iguana hisses angrily.
You see here 16 gold pieces.
You are now empty-handed.
Really attack barehanded? [Y]es or [N]o only, please.
Really attack barehanded? [Y]es or [N]o only, please.
Really attack barehanded? [Y]es or [N]o only, please.
Really attack barehanded?
Okay, then.
Unknown command.
a - a +0 war axe (weapon)
You are now empty-handed.
Unknown command.
Adjust (i)tems, (s)pells, or (a)bilities?
Adjust which item? (? for menu, Esc to quit)
s - a +0 longbow Adjust to which letter? (? for menu, Esc to quit)
b - a +0 longbow;
s - 3 scrolls of blinking
a - a +0 war axe (weapon)
b - a +0 longbow (weapon)
Aim: an iguana You shoot an arrow.
The arrow hits the iguana but does no damage.
Aim: an iguana You shoot an arrow.
The arrow hits the iguana.
You block the iguana's attack.
a - a +0 war axe (weapon)
You hit the iguana. You block the iguana's attack.
You slash the iguana!
You kill the iguana!
Cheibriados thoroughly appreciates the change of pace.
No target in view!
No target in view!
No target in view!
You now have 347 gold pieces (gained 16).
d - 134 arrows (gained 1)
A worker ant and a two-headed ogre come into view.
The worker ant twitches its antennae in your direction.
The two-headed ogre shouts in stereo!
There are monsters nearby!
Okay, then.
Unknown command.
You extend your mandibles.
You dig through the rock wall.
Unknown command.
Unknown command.
Okay, then.
Unknown command.
Unknown command.
As you read the scroll of identify, it crumbles to dust.
z - a potion of resistance You retract your mandibles.
You closely miss the worker ant.
The worker ant bites you but does no damage.
Aim: a worker ant Nothing appears to happen.
The worker ant barely misses you.
You slash the two-headed ogre! You barely miss the two-headed ogre.
You block the two-headed ogre's attack.
The two-headed ogre hits you but does no damage.
The flow of time bends around you.
The two-headed ogre easily resists.
You feel slightly more hungry.
You now have 9/12 mp.
The flow of time bends around you.
Cheibriados rebukes the two-headed ogre.
The two-headed ogre seems to slow down.
You feel slightly more hungry.
The two-headed ogre hits you with a giant club!!
The two-headed ogre hits you with a giant spiked club!!
* * * LOW HITPOINT WARNING * * *
You take 50 damage, and have 30/80 hp.
MASSIVE DAMAGE!!
You now have 6/12 mp.
You slash the two-headed ogre!
You hit the two-headed ogre but do no damage.
You block the two-headed ogre's attack.
The two-headed ogre hits you with a giant spiked club.
* * * LOW HITPOINT WARNING * * *
You take 2 damage, and have 29/80 hp.
You completely miss the two-headed ogre.
You barely miss the two-headed ogre.
The two-headed ogre hits you with a giant club!
* * * LOW HITPOINT WARNING * * *
The two-headed ogre hits you but does no damage.
You take 13 damage, and have 16/80 hp.
You hit the two-headed ogre. You slash the two-headed ogre!
The two-headed ogre hits you with a giant club!
* * * LOW HITPOINT WARNING * * *
The two-headed ogre hits you but does no damage.
You take 15 damage, and have 2/80 hp.
You barely miss the two-headed ogre.
You are feeling hungry.
You closely miss the two-headed ogre.
The two-headed ogre hits you with a giant club!
You die...

.<####................
...####..............#
....####..#####......###
#....##...# #........
###......## ##.....a..
##....## #.......O.
##...# ##.{# #####
##.O## ##..#@#
########..####
#####........##
.............#
.........[..##
....######### #####


You could see a two-headed ogre.

Notes
Turn   | Place    | Note
-------+----------+-------------------------------------------
     0 | D:1      | theanonym the Formicid Fighter began the quest for the Orb.
     0 | D:1      | Reached XP level 1. HP: 18/18 MP: 1/1
   170 | D:1      | Reached XP level 2. HP: 14/24 MP: 2/2
   382 | D:1      | Reached skill level 3 in Axes
   779 | D:2      | Reached XP level 3. HP: 21/29 MP: 3/3
  1020 | D:2      | Reached skill level 4 in Axes
  1020 | D:2      | Reached XP level 4. HP: 31/35 MP: 4/4
  1170 | D:2      | Reached XP level 5. HP: 39/41 MP: 5/5
  1485 | D:2      | Reached skill level 5 in Axes
  1682 | D:2      | Found a radiant altar of Vehumet.
  1813 | D:2      | Reached XP level 6. HP: 32/47 MP: 6/6
  2034 | D:3      | Reached skill level 6 in Axes
  2046 | D:3      | HP: 13/47 [orc priest/divine providence (15)]
  2398 | D:3      | Noticed Sigmund
  2398 | D:3      | Noticed Terence
  2406 | D:3      | Killed Terence
  2409 | D:3      | Killed Sigmund
  2409 | D:3      | Reached skill level 7 in Axes
  2409 | D:3      | Reached XP level 7. HP: 34/52 MP: 7/7
  2956 | D:4      | Reached skill level 8 in Axes
  3199 | D:4      | Noticed Duvessa
  3199 | D:4      | Noticed Dowan
  3227 | D:4      | Killed Duvessa
  3234 | D:4      | Reached XP level 8. HP: 36/58 MP: 8/8
  3241 | D:4      | Killed Dowan
  3389 | D:4      | Reached skill level 9 in Axes
  3465 | D:4      | Found a shimmering altar of Xom.
  3604 | D:4      | Noticed Grinder
  3634 | D:4      | HP: 42/87 [Grinder (4)]
  3645 | D:4      | Killed Grinder
  3645 | D:4      | Reached skill level 4 in Fighting
  3805 | D:4      | Found a shadowy altar of Dithmenos.
  4015 | D:5      | Entered Level 5 of the Dungeon
  4206 | D:5      | Found a shattered altar of Ashenzari.
  4349 | D:5      | Reached skill level 10 in Axes
  4349 | D:5      | Reached XP level 9. HP: 48/67 MP: 9/9
  4458 | D:5      | Reached skill level 5 in Fighting
  4840 | D:5      | Found a snail-covered altar of Cheibriados.
  4840 | D:5      | Found a sparkling altar of Nemelex Xobeh.
  4846 | D:5      | Found a bloodstained altar of Trog.
  4848 | D:5      | Became a worshipper of Cheibriados the Contemplative
  4851 | D:5      | Found a faded altar of an unknown god.
  4853 | D:5      | Found a faded altar of an unknown god.
  5075 | D:6      | Noticed Pikel
  5129 | D:6      | Killed Pikel
  5129 | D:6      | Reached skill level 6 in Fighting
  5129 | D:6      | Reached skill level 11 in Axes
  5177 | D:6      | Found a sand-covered staircase.
  5182 | Ossuary  | Entered an ossuary
  5645 | D:6      | HP: 32/70 [ogre/giant spiked club (26)]
  5650 | D:6      | HP: 21/71 [bullfrog (6)]
  5925 | D:6      | Reached * piety under Cheibriados
  5934 | D:6      | Found a blossoming altar of Fedhas.
  5935 | D:6      | Found an ancient bone altar of Kikubaaqudgha.
  6135 | D:6      | HP: 20/71 [ogre/giant spiked club (25)]
  6360 | D:6      | Reached XP level 10. HP: 41/77 MP: 1/10
  6564 | D:6      | Found a hide-covered altar of Uskayaw.
  6898 | D:7      | Reached skill level 7 in Fighting
  6902 | D:7      | HP: 39/79 [orc/whip (3)]
  6913 | D:7      | HP: 38/79 [scorpion (1)]
  7137 | D:7      | Found a staircase to the Ecumenical Temple.
  7268 | D:7      | Reached skill level 1 in Invocations
  7283 | D:7      | Found Xohaff's Jewellery Shop.
  7302 | D:7      | Reached skill level 12 in Axes
  7479 | D:7      | Reached skill level 2 in Invocations
  7565 | D:7      | Found an iron altar of Okawaru.
  8031 | D:8      | Reached skill level 3 in Invocations
  8074 | D:8      | Noticed a two-headed ogre
  8085 | D:8      | HP: 30/80 [two-headed ogre/giant club (23)]
  8091 | D:8      | HP: 2/80 [two-headed ogre/giant club (15)]
  8093 | D:8      | Mangled by a two-headed ogre

Vanquished Creatures
  Pikel (D:6)
  Grinder (D:4)
  A hippogriff (D:7)
  Sigmund (D:3)
  Duvessa (D:4)
  3 sky beasts
  An ice beast (D:7)
  2 orc warriors
  A slave (D:6)
  6 ogres
  A phantom (D:5)
  2 centaurs
  3 bullfrogs (D:6)
  Dowan (D:4)
  A scorpion (D:7)
  A howler monkey (D:7)
  2 crimson imps
  A centaur zombie (Ossuary)
  3 hounds
  2 jellies
  3 orc priests
  5 orc wizards
  A centaur skeleton (D:6)
  A bullfrog skeleton (D:8)
  Terence (D:3)
  An iguana (D:8)
  2 worker ants
  4 mummies (Ossuary)
  A worker ant zombie (D:7)
  A howler monkey zombie (D:7)
  11 adders
  8 gnolls
  An ooze (D:2)
  A worm zombie (D:6)
  An adder skeleton (D:6)
  2 worms
  2 dart slugs
  8 leopard geckos
  20 orcs
  A ball python (D:1)
  A bat (D:2)
  2 giant cockroaches
  4 goblins
  6 hobgoblins
  4 jackals
  3 quokkas
  3 frilled lizards
  3 hobgoblin zombies
  2 kobolds (D:2)
  6 rats
144 creatures vanquished.

Vanquished Creatures (others)
  A centaur (D:6)
  A bullfrog (D:6)
  A hound zombie (D:6)
  An adder (D:6)
  An adder zombie (D:6)
  2 jackals (D:6)
  2 quokkas (D:6)
  5 toadstools (D:1)
14 creatures vanquished.

Grand Total: 158 creatures vanquished
